 Dungeon Crawl Stone Soup version 0.22-a0-601-gb0ed703 (webtiles) character file.

53412 sking99 the Severer (level 14, -2/169 HPs)
             Began as a Minotaur Fighter on July 6, 2018.
             Was a High Priest of Hepliaklqana.
             Slain by a catoblepas (13 damage)
             ... on level 6 of the Lair of Beasts.
             The game lasted 00:47:15 (17024 turns).

sking99 the Severer (Minotaur Fighter)             Turns: 17024, Time: 00:47:16

Health: -2/169     AC: 21    Str: 30    XL:     14   Next: 30%
Magic:  20/20      EV:  7    Int:  5    God:    Hepliaklqana [*****.]
Gold:   1246       SH:  0    Dex: 15    Spells: 13/13 levels left

rFire    . . .     SeeInvis .   a - +4 executioner's axe (venom)
rCold    . . .     Gourm    .   (shield currently unavailable)
rNeg     . . .     Faith    .   R - +0 plate armour
rPois    +         Spirit   .   G - +0 hat
rElec    .         Reflect  .   z - +2 cloak
rCorr    .         Harm     .   (no gloves)
MR       +....                  s - +2 pair of boots
Stlth    ..........             y - amulet of regeneration
HPRegen  0.78/turn              T - ring of poison resistance
MPRegen  0.17/turn              P - +4 ring of strength

@: berserking, lethally poisoned (-2 -> -3), petrifying (expiring)
A: retaliatory headbutt, reduced essence, horns 2
a: Recall Ancestor, Ancestor Identity, Transference, Idealise, Renounce Religion


You were on level 6 of the Lair of Beasts.
You worshipped Hepliaklqana.
Hepliaklqana was extremely pleased with you.
You were not hungry.

You visited 3 branches of the dungeon, and saw 18 of its levels.
You also visited: Sewer and Volcano.

You collected 1246 gold pieces.

Inventory:

Hand Weapons
 a - a +4 executioner's axe of venom (weapon)
 b - a +1 broad axe of flaming
Armour
 c - a +0 shield
 s - a +2 pair of boots (worn)
 z - a +2 cloak (worn)
 G - a +0 hat (worn)
 I - a +1 cloak
 R - a +0 plate armour (worn)
Jewellery
 h - a +3 ring of dexterity
 y - an amulet of regeneration (around neck)
 P - a +4 ring of strength (right hand)
 T - a ring of poison resistance (left hand)
 U - an uncursed ring of ice
Wands
 v - a wand of flame (22)
 w - a wand of acid (50)
 A - a wand of enslavement (19)
 D - a wand of random effects (33)
 F - a wand of paralysis (33)
 H - a wand of disintegration (28)
 L - a wand of clouds (5)
 W - a wand of polymorph (14)
 Z - a wand of digging (20)
Scrolls
 e - 15 scrolls of remove curse
 j - 5 scrolls of amnesia
 k - 11 scrolls of teleportation
 p - 8 scrolls of blinking
 q - 8 scrolls of fog
 B - 4 scrolls of magic mapping
 N - 3 scrolls of fear
 O - a scroll of identify
 V - a scroll of immolation
 X - a scroll of enchant armour
Potions
 d - 4 potions of might
 g - 3 potions of lignification
 l - 2 potions of cancellation
 m - 2 potions of magic
 n - 8 potions of curing
 o - 3 potions of flight
 r - 2 potions of berserk rage
 t - 3 potions of invisibility
 u - 2 potions of haste
 x - a potion of agility
 C - 2 potions of brilliance
 K - a potion of mutation
 M - 4 potions of resistance
Comestibles
 f - 41 rations
 i - 17 chunks of flesh


   Skills:
 - Level 12.1 Fighting
 * Level 19.2 Axes
 - Level 9.2 Armour
 + Level 9.5 Dodging
 - Level 7.3 Shields
 - Level 10.0 Invocations


You had 13 spell levels left.
You didn't know any spells.
Your spell library contained the following spells:

 Spells                   Type           Power        Failure   Level  Hunger
 Magic Dart               Conj           #...         99%         1    ##.....
 Conjure Flame            Conj/Fire      #.......     100%        3    ####...
 Lightning Bolt           Conj/Air       #.........   100%        5    ######.
 Bolt of Magma            Conj/Fire/Erth #.........   100%        5    ######.
 Slow                     Hex            #.......     99%         2    ###....
 Confuse                  Hex            #.......     100%        3    ####...
 Mephitic Cloud           Conj/Pois/Air  #.......     100%        3    ####...
 Venom Bolt               Conj/Pois      #.........   100%        5    ######.
 Summon Small Mammal      Summ           #...         99%         1    ##.....
 Blink                    Tloc           N/A          99%         2    ###....
 Animate Dead             Necr           N/A          100%        4    #####..
 Pain                     Necr           #...         99%         1    ##.....
 Animate Skeleton         Necr           N/A          99%         1    ##.....
 Vampiric Draining        Necr           #.........   100%        3    ####...
 Summon Ice Beast         Ice/Summ       #.......     100%        4    #####..
 Call Imp                 Summ           #.......     99%         2    ###....
 Regeneration             Chrm/Necr      #.........   100%        3    ####...
 Tukima's Dance           Hex            #.......     100%        3    ####...
 Iron Shot                Conj/Erth      #.........   100%        6    #######
 Stone Arrow              Conj/Erth      #.....       100%        3    ####...
 Shock                    Conj/Air       #...         99%         1    ##.....
 Swiftness                Chrm/Air       #.......     99%         2    ###....
 Airstrike                Air            #.........   100%        4    #####..
 Passwall                 Tmut/Erth      #.......     99%         2    ###....
 Call Canine Familiar     Summ           #.......     100%        3    ####...
 Ensorcelled Hibernation  Hex/Ice        #.....       99%         2    ###....
 Static Discharge         Conj/Air       #.......     100%        3    ####...
 Corona                   Hex            #......      99%         1    ##.....
 Lee's Rapid Deconstruct  Erth           #.........   100%        5    ######.
 Sandblast                Erth           #.....       99%         1    ##.....
 Petrify                  Tmut/Erth      #.......     100%        4    #####..
 Orb of Destruction       Conj           #.........   100%        7    #######
 Shroud of Golubria       Chrm/Tloc      #.........   99%         2    ###....
 Iskenderun's Battlesphe  Conj/Chrm      #.......     100%        5    ######.
 Dazzling Spray           Conj/Hex       #.....       100%        3    ####...
 Infusion                 Chrm           #...         99%         1    ##.....
 Song of Slaying          Chrm           #.......     99%         2    ###....
 Spectral Weapon          Hex/Chrm       #.......     100%        3    ####...
 Summon Lightning Spire   Summ/Air       #.......     100%        4    #####..
 Summon Guardian Golem    Hex/Summ       #.......     100%        3    ####...
 Spellforged Servitor     Conj/Summ      #.........   100%        7    #######


Dungeon Overview and Level Annotations

Branches:
Dungeon (11/15)            Temple (1/1) D:4            Lair (6/6) D:11
 Shoals (0/4) Lair:4       Spider (0/4) Lair:4        Slime (0/5) Lair:5
    Orc (0/2) D:9

Altars:
Ashenzari
Cheibriados
Dithmenos
Elyvilon
Gozag
Hepliaklqana
Kikubaaqudgha
Makhleb
Nemelex Xobeh
Okawaru
Qazlal
Ru
Sif Muna
Trog
Uskayaw
Vehumet
Wu Jian
Xom
Yredelemnul
Zin
The Shining One
Jiyva

Shops:
D:11 %


Innate Abilities, Weirdness & Mutations

You reflexively headbutt those who attack you in melee.
You have a pair of horns on your head.
Your life essence is reduced to manifest your ancestor. (-10% HP)


Message History

You feel sick.
The catoblepas breathes a plume of calcifying dust at you.
The blast of calcifying dust hits you!
* * * LOW HITPOINT WARNING * * *
Unknown command.
You are engulfed in calcifying dust.
You are slowing down.
The catoblepas gores you!
* * * LOW HITPOINT WARNING * * *
You see here a torpor snail corpse.
You feel sick.
Jeff hits the catoblepas with a dagger of draining.
The catoblepas gores you!!
* * * LOW HITPOINT WARNING * * *
Your limbs are stiffening.
A red film seems to cover your vision as you go berserk!
You feel yourself moving faster!
You feel mighty!
Jeff hits the catoblepas with a dagger of draining!
Jeff drains the catoblepas!
The catoblepas gores you!!
You die...

...............
#.............
#########............
...P#.###...........
###......####.........
##....#.#..# #.......P#
#.......... ##........
##...RY# #........
#P..ยงยง@# #........
##..##### #........
#.......# #........
#P..#...# #........
#...#...##### ##.......
##..###.#P..## #.......
#......#....####.......
#............##........
##...........##.<..###.


You could see the friendly Jeff the hexer and a catoblepas.

Vanquished Creatures
  Rupert (Lair:5)
  A red draconian (Volcano)
  A dire elephant (Lair:6)
  Harold (Lair:2)
  2 hydras
  A centaur warrior (Volcano)
  A catoblepas (Lair:6)
  7 death yaks
  3 two-headed ogres
  The ghost of ThereIsNoGod the Thaumaturge, a novice HuCj of Ru (D:8)
  Pikel (D:8)
  2 lindwurms (Lair:6)
  A salamander (shapeshifter) (D:8)
  2 ugly things (D:11)
  A manticore (Lair:6)
  5 elephants (Lair:6)
  4 black mambas
  2 torpor snails (Lair:6)
  2 molten gargoyles (Volcano)
  A centaur skeleton (D:10)
  2 rime drakes (Lair:6)
  7 spiny frogs
  6 komodo dragons
  A troll (D:11)
  A polar bear (Lair:2)
  Grinder (D:3)
  6 hippogriffs
  A slime creature (D:8)
  Prince Ribbit (D:6)
  9 blink frogs (Lair:4)
  A dream sheep (Lair:2)
  2 wyverns
  2 fire bats (Volcano)
  A water elemental (D:11)
  29 yaks
  3 basilisks
  Grum (D:8)
  A hungry ghost (D:10)
  6 water moccasins
  11 porcupines
  3 orc warriors
  2 ice beasts
  4 slaves (D:8)
  A black bear (D:7)
  A hornet zombie (D:6)
  An eye of draining (D:10)
  39 wolves
  2 sky beasts
  6 ogres
  A necrophage (D:8)
  8 centaurs
  16 crocodiles
  Blork the orc (D:6)
  10 bullfrogs
  A big kobold (D:9)
  4 scorpions
  8 killer bees
  4 electric eels
  4 howler monkeys
  3 lava snakes (Volcano)
  A bullfrog zombie (D:9)
  7 crimson imps
  4 hounds
  A bullfrog skeleton (D:5)
  6 jellies
  4 orc priests
  9 orc wizards
  7 iguanas
  4 worker ants
  2 hound skeletons
  A worker ant zombie (D:10)
  2 gnolls (D:9)
  A howler monkey skeleton (D:9)
  5 river rats (Sewer)
  17 adders
  2 shadow imps
  7 oozes
  An adder skeleton (D:4)
  3 worms
  A dart slug (D:4)
  3 leopard geckos
  51 orcs
  3 giant cockroaches
  7 goblins
  7 hobgoblins
  11 jackals
  15 kobolds
  4 quokkas
  9 ball pythons
  7 bats
  3 frilled lizards
  A leopard gecko skeleton (D:4)
  A quokka skeleton (D:8)
  27 rats
  5 fungi
490 creatures vanquished.

Vanquished Creatures (collateral kills)
  Snorg (D:11)
  A hydra (Lair:2)
  A death yak (Lair:3)
  A manticore (Lair:6)
  Joseph (D:8)
  2 spiny frogs
  A black mamba (Lair:6)
  2 komodo dragons
  A yaktaur (Volcano)
  A slime creature (D:8)
  Sigmund (D:4)
  4 yaks
  2 water moccasins
  A sky beast (D:6)
  3 centaurs (D:11)
  9 wolves
  2 bullfrogs
  A killer bee (D:7)
  2 electric eels (D:11)
  2 lava snakes (Volcano)
  A bullfrog zombie (D:9)
  2 crimson imps (D:6)
  2 jellies
  An orc priest (D:6)
  A hound (D:5)
  A centaur skeleton (D:4)
  2 orc wizards
  2 worker ants
  A gnoll (D:9)
  3 adders
  A dart slug (D:4)
  A worm (D:5)
  3 orcs
  4 ball pythons (Sewer)
  A quokka (D:6)
  A frilled lizard (Sewer)
  A kobold (D:9)
  6 rats
73 creatures vanquished.

Vanquished Creatures (others)
  8 hexers
  A hell rat (Lair:6)
  An ancestor (D:6)
  4 fungi
  A plant (Lair:2)
15 creatures vanquished.

Grand Total: 578 creatures vanquished

Notes
Turn   | Place    | Note
-------+----------+-------------------------------------------
     0 | D:1      | sking99 the Minotaur Fighter began the quest for the Orb.
     0 | D:1      | Reached XP level 1. HP: 19/19 MP: 0/0
   226 | D:1      | Reached skill level 3 in Axes
   228 | D:1      | Reached XP level 2. HP: 24/27 MP: 1/1
   915 | D:2      | Reached XP level 3. HP: 22/33 MP: 2/2
  1196 | D:2      | Reached skill level 4 in Axes
  1362 | D:2      | Found a deep blue altar of Sif Muna.
  1541 | D:2      | Reached XP level 4. HP: 41/41 MP: 3/3
  1940 | D:3      | Reached skill level 5 in Axes
  1975 | D:3      | Noticed Grinder
  1993 | D:3      | Killed Grinder
  1993 | D:3      | Reached skill level 5 in Fighting
  1993 | D:3      | Reached skill level 6 in Axes
  1993 | D:3      | Reached XP level 5. HP: 43/49 MP: 4/4
  1993 | D:3      | Reached XP level 6. HP: 49/56 MP: 5/5
  2253 | D:3      | Reached skill level 7 in Axes
  2353 | D:3      | Found a shattered altar of Ashenzari.
  2357 | D:3      | Saw a vision of the Shoals and the Spider Nest.
  2357 | D:3      | Noticed a sea snake
  2357 | D:3      | Noticed a sea snake
  2357 | D:3      | Noticed a hippogriff
  2357 | D:3      | Noticed a merfolk siren
  2357 | D:3      | Noticed a redback
  2357 | D:3      | Noticed a redback
  2357 | D:3      | Noticed a wolf spider
  2357 | D:3      | Noticed a redback
  2358 | D:3      | Noticed a wolf spider
  2358 | D:3      | Noticed a merfolk
  2358 | D:3      | Noticed a wolf spider
  2359 | D:3      | Noticed a merfolk
  2855 | D:4      | Found a staircase to the Ecumenical Temple.
  2931 | Temple   | Entered the Ecumenical Temple
  3125 | Temple   | Became a worshipper of Hepliaklqana the Forgotten
  3143 | D:4      | Noticed Sigmund
  3147 | D:4      | Reached XP level 7. HP: 52/56 MP: 6/6
  3151 | D:4      | Killed Sigmund
  3151 | D:4      | Reached skill level 8 in Axes
  3722 | D:5      | Entered Level 5 of the Dungeon
  3735 | D:5      | Reached skill level 9 in Axes
  3902 | D:5      | Reached XP level 8. HP: 65/65 MP: 7/7
  3958 | D:5      | Found a glowing drain.
  3974 | Sewer    | Entered a sewer
  4191 | Sewer    | Reached skill level 10 in Axes
  4231 | Sewer    | Reached * piety under Hepliaklqana
  4504 | D:5      | Reached skill level 11 in Axes
  4892 | D:6      | Reached XP level 9. HP: 60/74 MP: 8/8
  4921 | D:6      | Noticed Blork the orc
  4927 | D:6      | Killed Blork the orc
  4968 | D:6      | Noticed Prince Ribbit
  4983 | D:6      | Killed Prince Ribbit
  4983 | D:6      | Reached skill level 12 in Axes
  5628 | D:7      | Reached ** piety under Hepliaklqana
  5629 | D:7      | Remembered your ancestor Jeff as a hexer
  5765 | D:7      | Reached skill level 10 in Fighting
  5779 | D:7      | Reached skill level 13 in Axes
  6000 | D:7      | Found a burning altar of Makhleb.
  6233 | D:8      | Noticed Grum
  6244 | D:8      | Noticed a salamander
  6244 | D:8      | a human changed into a salamander
  6250 | D:8      | Killed Grum
  6264 | D:8      | Killed a salamander
  6264 | D:8      | Reached XP level 10. HP: 40/84 MP: 9/9
  6641 | D:8      | Found a runed gate.
  6642 | D:8      | Found a runed gate.
  6642 | D:8      | Found a runed gate.
  6651 | D:8      | Noticed Joseph
  6671 | D:8      | Killed Joseph
  6690 | D:8      | Reached skill level 14 in Axes
  7061 | D:8      | Noticed Pikel
  7067 | D:8      | Killed Pikel
  7228 | D:8      | Reached *** piety under Hepliaklqana
  7388 | D:8      | Found a viscous altar of Jiyva.
  7388 | D:8      | Noticed ThereIsNoGod's ghost (novice HuCj)
  7400 | D:8      | Killed ThereIsNoGod's ghost
  7403 | D:8      | Reached skill level 15 in Axes
  7776 | D:9      | Found a staircase to the Orcish Mines.
  8194 | D:10     | Entered Level 10 of the Dungeon
  8291 | D:10     | Noticed a two-headed ogre
  8300 | D:10     | Killed a two-headed ogre
  8300 | D:10     | Reached XP level 11. HP: 48/93 MP: 10/10
  8465 | D:10     | Reached **** piety under Hepliaklqana
  9194 | D:10     | Reached skill level 1 in Dodging
  9201 | D:10     | Reached skill level 16 in Axes
  9201 | D:10     | Reached skill level 1 in Invocations
  9275 | D:10     | Noticed a two-headed ogre
  9284 | D:10     | Killed a two-headed ogre
  9580 | D:11     | Reached skill level 5 in Armour
  9617 | D:11     | Found Icevaroa's Food Emporium.
  9637 | D:11     | Noticed a purple ugly thing
  9649 | D:11     | Killed a purple ugly thing
  9690 | D:11     | Noticed Snorg
  9696 | D:11     | Noticed a cyan ugly thing
  9704 | D:11     | Killed Snorg
  9718 | D:11     | Killed a cyan ugly thing
  9832 | D:11     | Found a staircase to the Lair.
 10249 | D:11     | Noticed a two-headed ogre
 10259 | D:11     | Killed a two-headed ogre
 10259 | D:11     | Reached skill level 5 in Dodging
 10582 | Lair:1   | Entered Level 1 of the Lair of Beasts
 11013 | Lair:1   | Reached skill level 5 in Invocations
 11048 | Lair:1   | Reached XP level 12. HP: 40/100 MP: 14/14
 12008 | Lair:2   | Found a dark tunnel.
 12014 | Volcano  | Entered a volcano
 12016 | Volcano  | Reached ***** piety under Hepliaklqana
 12448 | Volcano  | Found a burning altar of Makhleb.
 12448 | Volcano  | Noticed a centaur warrior
 12472 | Volcano  | Killed a centaur warrior
 12504 | Volcano  | Noticed a red draconian
 12528 | Volcano  | Killed a red draconian
 13377 | Lair:2   | Reached skill level 5 in Shields
 13425 | Lair:2   | Noticed a death yak
 13433 | Lair:2   | Killed a death yak
 13601 | Lair:2   | Noticed Harold
 13621 | Lair:2   | Killed Harold
 13861 | Lair:3   | Noticed an eight-headed hydra
 13884 | Lair:3   | Noticed a six-headed hydra
 13891 | Lair:2   | Killed a four-headed hydra
 14006 | Lair:3   | Killed a four-headed hydra
 14006 | Lair:3   | Reached XP level 13. HP: 84/106 MP: 18/18
 14276 | Lair:3   | Identified a scroll of acquirement
 14538 | Lair:4   | Reached skill level 17 in Axes
 14599 | Lair:4   | Found a hole to the Spider Nest.
 15377 | Lair:4   | Found a staircase to the Shoals.
 15599 | Lair:5   | Reached skill level 10 in Invocations
 15947 | Lair:5   | Found a staircase to the Slime Pits.
 16046 | Lair:5   | Noticed Rupert
 16074 | Lair:5   | Killed Rupert
 16074 | Lair:5   | Reached skill level 18 in Axes
 16368 | Lair:6   | Entered Level 6 of the Lair of Beasts
 16563 | Lair:6   | Reached XP level 14. HP: 113/113 MP: 20/20
 16921 | Lair:6   | Reached skill level 19 in Axes
 17024 | Lair:6   | Slain by a catoblepas

Vault maps used:
D:1:      saegor_arrival_simple_c
D:2:      nicolae_overflow_crystal_walls, first_ration
D:3:      grunt_ashenzari_visionary, uniq_grinder
D:4:      temple_statues, minmay_bent, uniq_sigmund
D:5:      serial_curves, eino_curves_04, eino_curves_04, eino_curves_02,
          cheibrodos_sewer_entry_drain, minivault_25, minivault_11
D:6:      uniq_prince_ribbit1, uniq_blork_the_orc
D:7:      kennysheep_little_box, dk_vineyard_1
D:8:      nicolae_whirlpool, nicolae_overflow_hidden_temple,
          gammafunk_ghost_ooze, grunt_ogre_cave, grunt_decor_mini_mirrors,
          sigmund_army, uniq_psyche, uniq_joseph, uniq_pikel, uniq_grum
D:9:      orc_0_dummy
D:11:     erik_lair_island, serial_shops, shop_statue,
          onia_ninara_dug_in_and_dangerous, uniq_snorg
Temple:   eino_narrow_crystal_temple
Lair:1:   grunt_forest_large_clearings, grunt_megastairs_3
Lair:2:   enter_volcano_1, minivault_19, grunt_forest_large_clearing_hut,
          grunt_megastairs_1, serial_bayou_shore_a, uniq_harold
Lair:3:   grunt_megastairs_5
Lair:4:   shoals_dummy_entry, dummy_spider_entry
Lair:5:   nicolae_slime_entry_slimehenge, uniq_rupert
Lair:6:   hangedman_lair_in_review, maelrawn_ghost_labyrinth_escape
Sewer:    sewer_minmay_w
Volcano:  volcano_lake

Skill      XL: |  1  2  3  4  5  6  7  8  9 10 11 12 13 14 |
---------------+-------------------------------------------+-----
Axes           | 3 4 6 7 9 11 13 15 16 18 19 | 19.2
Fighting       | 4 5 6 7 9 10 12 | 12.1
Armour         | 7 9 |  9.2
Dodging        | 5 7 8 9 |  9.5
Invocations    | 5 8 10 | 10.0
Shields        | 6 7 |  7.3

Action                   |  1- 3 |  4- 6 |  7- 9 | 10-12 | 13-15 || total
-------------------------+-------+-------+-------+-------+-------++-------
Melee: War axe           |    80 |   132 |   269 |   398 |       ||   879
       Headbutt          |    13 |    28 |    52 |   150 |    70 ||   313
       Morningstar       |       |       |       |    72 |       ||    72
       Broad axe         |       |       |       |    86 |    46 ||   132
       Executioner's axe |       |       |       |       |   222 ||   222
Throw: Throwing net      |       |       |       |     1 |       ||     1
Invok: Ancestor Identity |       |       |     1 |       |       ||     1
       Ancestor Life: He |       |       |     1 |       |       ||     1
       Idealise          |       |       |       |     1 |     2 ||     3
       Transference      |       |       |       |     1 |     1 ||     2
  Use: Potion            |       |     1 |       |     4 |     9 ||    14
       Scroll            |       |    12 |     5 |    12 |    12 ||    41
 Stab: Distracted        |       |       |     1 |    13 |     6 ||    20
       Confused          |       |       |     1 |     7 |     2 ||    10
       Petrified         |       |       |       |       |     1 ||     1
  Eat: Chunk             |     2 |     5 |    10 |    24 |    10 ||    51
       Ration            |       |       |       |     1 |       ||     1
Armor: Scale mail        |    42 |       |       |       |       ||    42
       Chain mail        |       |    56 |   120 |    40 |       ||   216
       Plate armour      |       |       |       |   219 |   178 ||   397
Dodge: Dodged            |    16 |    27 |    54 |   165 |   159 ||   421
Block: Shield            |    31 |    61 |   145 |   273 |    18 ||   528

Table legend:
 A = Spawn XP
 B = Non-spawn XP
 C = Spawn XP percentage of total XP
 D = Spawn monster count
 E = Non-spawn monster count
 F = Spawn count percentage of total count
 G = Total turns spent on level
                    A         B        C        D         E        F      G
               +---------+---------+-------+---------+---------+-------+---------
         Total |       0 |   76303 |   0.0 |       0 |     554 |   0.0 | 17024
               +---------+---------+-------+---------+---------+-------+---------
           D:1 |       0 |      37 |   0.0 |       0 |      20 |   0.0 |   825
           D:2 |       0 |      85 |   0.0 |       0 |      22 |   0.0 |  1047
           D:3 |       0 |     447 |   0.0 |       0 |      36 |   0.0 |   798
           D:4 |       0 |     647 |   0.0 |       0 |      30 |   0.0 |   851
           D:5 |       0 |    1069 |   0.0 |       0 |      28 |   0.0 |   754
           D:6 |       0 |    1276 |   0.0 |       0 |      28 |   0.0 |   957
           D:7 |       0 |     585 |   0.0 |       0 |      14 |   0.0 |   743
           D:8 |       0 |    4405 |   0.0 |       0 |      29 |   0.0 |  1340
           D:9 |       0 |    1366 |   0.0 |       0 |      31 |   0.0 |   715
          D:10 |       0 |    4247 |   0.0 |       0 |      26 |   0.0 |  1250
          D:11 |       0 |    5742 |   0.0 |       0 |      37 |   0.0 |  1075
        Lair:1 |       0 |    4707 |   0.0 |       0 |      34 |   0.0 |   980
        Lair:2 |       0 |    8408 |   0.0 |       0 |      32 |   0.0 |  1236
        Lair:3 |       0 |    7216 |   0.0 |       0 |      22 |   0.0 |   506
        Lair:4 |       0 |    5682 |   0.0 |       0 |      27 |   0.0 |  1076
        Lair:5 |       0 |    7855 |   0.0 |       0 |      18 |   0.0 |   790
        Lair:6 |       0 |   18030 |   0.0 |       0 |      57 |   0.0 |   656
         Sewer |       0 |     363 |   0.0 |       0 |      48 |   0.0 |   316
       Volcano |       0 |    4136 |   0.0 |       0 |      15 |   0.0 |   908
               +---------+---------+-------+---------+---------+-------+---------
